 Dungeon Crawl Stone Soup version 0.28-a0-1312-g71652a0310 (webtiles) character file.

Game seed: 12866129647090309228

7542 rogsnak the Destroyer (level 10, 0/72 HPs)
             Began as a Demonspawn Air Elementalist on Dec 27, 2021.
             Was a Believer of Sif Muna.
             Slain by an orc knight (16 damage)
             ... in a bailey.
             The game lasted 00:23:50 (10463 turns).

rogsnak the Destroyer (DsAE)                       Turns: 10463, Time: 00:23:51

Health: 0/72       AC:  9    Str: 10    XL:     10   Next: 96%
Magic:  21/21      EV: 14    Int: 20    God:    Sif Muna [**....]
Gold:   540        SH:  4    Dex: 15    Spells: 15/23 levels left

rFire   . . .      SeeInvis .   m - +2 dagger (venom)
rCold   . . .      Faith    .   (no shield)
rNeg    . . .      Spirit   .   a - +0 robe
rPois   .          Reflect  .   (helmet restricted)
rElec   .          Harm     .   H - +0 cloak
rCorr   .          Rampage  .   w - +0 pair of gloves
Will    +....                   K - +0 pair of boots
Stlth   +++.......              (no amulet)
HPRegen 0.22/turn               N - +4 ring of protection
MPRegen 0.17/turn               z - ring of willpower

@: on berserk cooldown, slowed, very slow
A: horns 1, large bone plates 1, foul stench 2, agile 1
a: Renounce Religion, Channel Magic


You were in a bailey.
You worshipped Sif Muna.
Sif Muna was pleased with you.
You visited 2 branches of the dungeon, and saw 9 of its levels.
You also visited: Bailey.

You collected 540 gold pieces.

Inventory:

Hand Weapons
 m - a +2 dagger of venom (weapon)
 O - a +1 scythe of draining
 P - a +4 quarterstaff of chaos
 S - a +5 flail of freezing
Missiles
 k - 5 curare-tipped darts
 v - 29 poisoned darts
Armour
 a - a +0 robe (worn)
 d - a +1 ring mail of poison resistance
 w - a +0 pair of gloves (worn)
 G - the +5 scale mail of Activism {rC++ Int+4}
   (You found it on level 4 of the Dungeon)

   Int:       It affects your intelligence (+4).
   rC:        It greatly protects you from cold.
 H - a +0 cloak (worn)
 K - a +0 pair of boots (worn)
 X - +0 acid dragon scales
Magical Staves
 F - a staff of death
Jewellery
 u - a ring of flight
 y - a +4 ring of evasion
 z - a ring of willpower (right hand)
 N - a +4 ring of protection (left hand)
 V - a ring of ice
Wands
 A - a wand of digging (9)
 C - a wand of flame (46)
 W - a wand of iceblast (22)
Scrolls
 b - 2 scrolls of enchant armour {unknown}
 g - 2 scrolls of noise {unknown}
 h - 4 scrolls of fear {unknown}
 o - 9 scrolls of identify {unknown}
 p - a scroll of immolation
 r - 2 scrolls of blinking {unknown}
 s - 4 scrolls of teleportation {unknown}
 R - a scroll of enchant weapon
Potions
 e - 3 potions of curing {unknown}
 f - 2 potions of heal wounds {unknown}
 q - a potion of berserk rage
 t - 3 potions of might {unknown}
 x - a potion of brilliance {unknown}
 E - 3 potions of degeneration {unknown}
 J - a potion of cancellation {unknown}
 L - a potion of resistance {unknown}
 U - 2 potions of attraction {unknown}


   Skills:
 + Level 4.2 Fighting
 + Level 5.3 Dodging
 * Level 6.5 Stealth
 + Level 1.3 Shields
 + Level 7.3 Spellcasting
 * Level 9.0 Conjurations
 + Level 7.5 Air Magic
 + Level 4.7 Invocations


You had 15 spell levels left.
You knew the following spells:

 Your Spells              Type           Power      Damage    Failure   Level
a - Shock                 Conj/Air       100%       1d9       1%          1
b - Swiftness             Air            37%        N/A       1%          3
c - Airstrike             Air            18%        N/A       4%          4

Your spell library contained the following spells:

 Spells                   Type           Power      Damage    Failure   Level
 Static Discharge         Conj/Air       40%        N/A       1%          2
 Summon Forest            Summ/Tloc      3%         N/A       94%         5
 Summon Mana Viper        Hex/Summ       7%         N/A       94%         5
 Summon Cactus Giant      Summ           3%         N/A       100%        6


Dungeon Overview and Level Annotations

Branches:
Dungeon (8/15)             Temple (1/1) D:5          Bailey (1/1)
   Lair: D:8-11

Altars:
Ashenzari
Cheibriados
Elyvilon
Fedhas
Hepliaklqana
Kikubaaqudgha
Makhleb
Nemelex Xobeh
Okawaru
Ru
Sif Muna
Trog
Vehumet
Wu Jian
Xom
Yredelemnul
Zin


Innate Abilities, Weirdness & Mutations

You have a pair of small horns on your head.
You are partially covered in large bone plates. (SH +4)
You sometimes emit foul miasma when damaged in melee.
You are agile. (Dex +2)


Message History

Your transformation is almost over.
You start resting.
An orc knight is nearby!
Okay, then.
Okay, then.
Okay, then.
Okay, then.
It was a potion of ambrosia.
You are confused.
You feel invigorated.
You feel less wooden.
Your +0 cloak unmelds from your body.
Your +0 pair of gloves unmelds from your body.
Your +0 pair of boots unmelds from your body.
Your +0 robe unmelds from your body.
It was a potion of berserk rage.
A red film seems to cover your vision as you go berserk!
You feel yourself moving faster!
You feel mighty!
You're too confused to move!
You feel a strong urge to attack something.
The orc knight closely misses you.
You feel your anger nearly subside.
You feel less invigorated.
You feel less confused.
You are no longer berserk.
You are exhausted.
You feel yourself slow down. You block the orc knight's attack.
You hit the orc knight but do no damage.
The orc knight hits you with a +0 war axe!
You hit the orc knight but do no damage.
The orc knight misses you.
The orc knight hits you with a +0 war axe.
You barely miss the orc knight. You headbutt the orc knight.
The orc knight is lightly wounded.
You block the orc knight's attack.
You closely miss the orc knight. You headbutt the orc knight.
The orc knight is lightly wounded.
The orc knight hits you with a +0 war axe!!
* * * LOW HITPOINT WARNING * * *
The orc knight hits you with a +0 war axe!
You die...

#.......# ##.......##
#.........# ##.........##
#######.....⌠.....#***
##.....##.........##,,,
#)......'..o..)...',,,,
##.....))##.......##,,,,
#......@..#.......#,,,,,
##......o..##.....##,,,,,
#.....⌠.....#######,,,,,⌠
##.........##,,,,,**,,,,,
#.........#,,,,,,,*,,,,,
##...)...##,,,,,,,**,,,,
#.......#,,,,,,,,,*,,,,
##[.)..##,,,,,,,,,**,,,
##'####,,,,,,,,,,,****


You could see an orc knight.

Vanquished Creatures
  2 orc knights (Bailey)
  Sigmund (D:5)
  An acid dragon (D:8)
  2 water moccasins (D:6)
  3 sky beasts
  4 orc warriors (Bailey)
  4 ogres
  2 phantoms (D:4)
  2 scorpions
  5 bullfrogs
  2 wyvern zombies (D:6)
  A water moccasin zombie (D:5)
  A water moccasin skeleton (D:5)
  3 wights (D:6)
  Crazy Yiuf (D:5)
  5 hounds
  5 jellies
  2 bullfrog skeletons (D:5)
  2 centaur skeletons (D:6)
  Ijyb (D:3)
  3 iguanas
  An orc wizard (D:8)
  A killer bee zombie (D:8)
  9 gnolls
  2 adders
  2 shadow imps (D:6)
  2 white imps
  An ufetubus (D:6)
  4 worms
  5 dart slugs
  17 orcs
  6 bats
  13 endoplasms
  3 giant cockroaches
  16 goblins
  12 hobgoblins
  6 jackals (D:1)
  5 quokkas
  7 ball pythons
  5 frilled lizards
  5 kobolds
  10 rats
184 creatures vanquished.

Notes
Turn   | Place    | Note
-------+----------+-------------------------------------------
     0 | D:1      | rogsnak the Demonspawn Air Elementalist began the quest for
                  | the Orb.
     0 | D:1      | Reached XP level 1. HP: 13/13 MP: 3/3
   350 | D:1      | Gained mutation: You are partially covered in large bone
                  | plates. (SH +4) [demonic ancestry]
   350 | D:1      | Reached XP level 2. HP: 13/19 MP: 0/5
  1247 | D:1      | Gained mutation: You may rarely emit foul miasma when
                  | damaged in melee. [demonic ancestry]
  1247 | D:1      | Reached XP level 3. HP: 24/24 MP: 4/6
  1960 | D:2      | Found a faded altar of an unknown god.
  2320 | D:2      | Reached skill level 2 in Conjurations
  2437 | D:2      | Found a sacrificial altar of Ru.
  2505 | D:2      | Reached XP level 4. HP: 30/30 MP: 0/7
  3397 | D:3      | Found a basalt altar of Yredelemnul.
  3397 | D:3      | Found a sparkling altar of Nemelex Xobeh.
  3398 | D:3      | Found a shimmering altar of Xom.
  3439 | D:3      | Noticed Ijyb
  3445 | D:3      | Learned a level 3 spell: Swiftness
  3450 | D:3      | Learned a level 4 spell: Airstrike
  3688 | D:3      | Killed Ijyb
  3689 | D:3      | Reached XP level 5. HP: 22/35 MP: 1/9
  4285 | D:4      | Noticed an ogre
  4292 | D:4      | Reached skill level 3 in Conjurations
  4307 | D:4      | Killed an ogre
  4308 | D:4      | Reached XP level 6. HP: 37/41 MP: 3/10
  5067 | D:4      | Identified the +5 scale mail of Activism {rC++ Int+4}
  5076 | D:4      | Reached skill level 4 in Conjurations
  5076 | D:4      | Gained mutation: You have a pair of small horns on your
                  | head. [demonic ancestry]
  5076 | D:4      | Reached XP level 7. HP: 47/47 MP: 12/12
  5426 | D:5      | Entered Level 5 of the Dungeon
  5767 | D:5      | Reached skill level 1 in Fighting
  5767 | D:5      | Reached skill level 5 in Conjurations
  6162 | D:5      | Found a staircase to the Ecumenical Temple.
  6196 | Temple   | Entered the Ecumenical Temple
  6241 | Temple   | Became a worshipper of Sif Muna the Loreminder
  6335 | D:5      | Gained mutation: You sometimes emit foul miasma when
                  | damaged in melee. [demonic ancestry]
  6335 | D:5      | Reached XP level 8. HP: 54/54 MP: 9/14
  6497 | D:5      | Found a hazy altar of Hepliaklqana.
  6497 | D:5      | Noticed Sigmund
  6515 | D:5      | Killed Sigmund
  6528 | D:5      | Found a faded altar of an unknown god.
  6597 | D:5      | Identified the +3 scale mail of the Shimmering Lies {rN+
                  | Will++}
  6657 | D:5      | Found a runed translucent door.
  6770 | D:5      | Noticed Crazy Yiuf
  6787 | D:5      | Killed Crazy Yiuf
  6830 | D:6      | Reached skill level 5 in Stealth
  7051 | D:6      | Reached skill level 5 in Air Magic
  7278 | D:6      | Reached skill level 1 in Shields
  7278 | D:6      | Reached skill level 6 in Conjurations
  7343 | D:6      | Reached skill level 5 in Spellcasting
  7600 | D:6      | Reached XP level 9. HP: 61/61 MP: 12/16
  7623 | D:6      | HP: 3/61 [wyvern zombie (9)]
  8665 | D:7      | Reached * piety under Sif Muna
  9191 | D:7      | Found a bloodstained altar of Trog.
  9573 | D:8      | Found a flagged portal.
  9609 | Bailey   | Entered a bailey
  9807 | Bailey   | Noticed an orc knight
  9835 | Bailey   | Killed an orc knight
 10276 | Bailey   | Reached skill level 5 in Dodging
 10276 | Bailey   | Reached skill level 8 in Conjurations
 10276 | Bailey   | Reached XP level 10. HP: 72/72 MP: 14/20
 10342 | Bailey   | Reached ** piety under Sif Muna
 10412 | Bailey   | Noticed an orc knight
 10419 | Bailey   | Noticed an orc knight
 10428 | Bailey   | Gained mutation: You have a pair of horns on your head.
                  | [potion of mutation]
 10428 | Bailey   | Lost mutation: You have a pair of horns on your head.
                  | [potion of mutation]
 10428 | Bailey   | Gained mutation: You are agile. (Dex +2) [potion of
                  | mutation]
 10431 | Bailey   | Killed an orc knight
 10432 | Bailey   | Reached skill level 9 in Conjurations
 10463 | Bailey   | Slain by an orc knight

Illustrated notes

Levels and vault maps discovered:
D:1:      matt_arrival_spirals, layout_loops_ring
D:2:      kb_forest_paths, layout_basic, hellmonk_ecumenical_altar_blasted,
          basic_altar, grunt_ministairs_15, minmay_stone_trees_medium,
          minmay_circle_x
D:3:      layout_basic, gammafunk_temple_overflow_claw, uniq_ijyb
D:4:      layout_basic, grunt_ministairs_9
D:5:      layout_rooms, beargit_hepliaklqana_dungeon_heroes,
          minmay_temple_entry_tees, amcnicky_mini_pool_medium,
          uniq_crazy_yiuf_cottage
D:6:      layout_rooms
D:7:      layout_loops_ring, lemuel_doored_altar
D:8:      layout_cave_pools, mainiacjoe_overflow_chevrons, lair_entry_dummy,
          enter_bailey_7, uniq_erica
Temple:   minmay_temple_bridge_abc
Bailey:   bailey_axe_minmay_hex_keep, bailey

Skill      XL: |  1  2  3  4  5  6  7  8  9 10 |
---------------+-------------------------------+-----
Air Magic      | 3 4 5 7 |  7.5
Dodging        | 2 3 5 |  5.3
Stealth        | 2 3 4 5 6 |  6.5
Conjurations   | 2 3 4 5 6 8 9 |  9.0
Spellcasting   | 3 4 5 7 |  7.3
Fighting       | 1 4 |  4.2
Shields        | 1 |  1.3
Invocations    | 4 |  4.7

Action                   |  1- 3 |  4- 6 |  7- 9 | 10-12 || total
-------------------------+-------+-------+-------+-------++-------
Melee: Club              |    25 |       |       |       ||    25
       Dagger            |    19 |    48 |    56 |    15 ||   138
       Flail             |     1 |       |    68 |       ||    69
       Headbutt          |       |       |    24 |     5 ||    29
       Quarterstaff      |       |       |    15 |       ||    15
 Cast: Shock             |    81 |   108 |   149 |     4 ||   342
       Airstrike         |       |       |    36 |     7 ||    43
  Use: Potion            |       |       |     1 |     5 ||     6
       Scroll            |       |       |       |     3 ||     3
 Stab: Sleeping          |     1 |     1 |     2 |       ||     4
Armor: Robe              |     3 |     5 |    43 |       ||    51
       Skin              |       |       |       |     3 ||     3
Dodge: Dodged            |    30 |    47 |   108 |     3 ||   188
Block: Other             |     4 |     9 |    25 |     4 ||    42

Table legend: (Time is in decaauts)
 A = Elapsed time spent in this place.
 B = Non-inter-level travel time spent in this place.
 C = Inter-level travel time spent in this place.
 D = Time resting spent in this place.
 E = Time spent auto-exploring this place.
 F = Levels seen in this place.
 G = Mean time per level.
                   A        B        C        D        E       F      G
               +--------+--------+--------+--------+--------+-----+--------+
         Total |  10498 |  10314 |    184 |   1969 |   6225 |  10 | 1049.8 |
       Dungeon |   9573 |   9389 |    184 |   1448 |   6197 |   8 | 1196.6 |
        Temple |     65 |     65 |      0 |      0 |     28 |   1 |   65.0 |
        Bailey |    859 |    859 |      0 |    521 |      0 |   1 |  859.0 |
               +--------+--------+--------+--------+--------+-----+--------+

Top non-repeatable levels by time:
     D:1: 1791 daAuts
     D:6: 1495 daAuts
     D:5: 1440 daAuts
     D:4: 1277 daAuts
     D:3: 1190 daAuts
     D:2: 1170 daAuts
     D:7: 980 daAuts
  Bailey: 859 daAuts
     D:8: 225 daAuts
  Temple: 65 daAuts
